 Dungeon Crawl Stone Soup version 0.14-a0-2374-ge879b5e (webtiles) character file.

1687 RedPan the Basher (level 8, 0/46 HPs)
             Began as a Gargoyle Fighter on Feb 1, 2014.
             Slain by a wyvern (3 damage)
             ... on Level 7 of the Dungeon.
             The game lasted 00:19:38 (4133 turns).

RedPan the Basher (Gargoyle Fighter)                Turns: 4133, Time: 00:19:39

HP   0/46        AC 12     Str 23      XL: 8   Next: 80%
MP   8/8         EV  6     Int  8      God:
Gold 200         SH 18     Dex  9      Spells:  0 memorised,  7 levels left

rFire  . . .     SeeInvis .     v - +2 whip (elec)
rCold  . . .     Clarity  .     q - +0 scale mail
rNeg   + . .     Conserve .     c - +0 shield
rPois  +         rCorr    .     (no helmet)
rElec  +         rRot     +     (no cloak)
SustAb . .       Spirit   .     (no gloves)
rMut   .         Warding  .     (no boots)
Saprov . . .     Stasis   .     (no amulet)
MR     .....                    (no ring)
                                (no ring)

@: not resistant to hostile enchantments, extremely unstealthy
A: life protection 1, electricity resistance, unbreathing, petrification
resistance, AC +5
a: no special abilities


You were on level 7 of the Dungeon.
You were very hungry.

You visited 1 branch of the dungeon, and saw 7 of its levels.

You collected 200 gold pieces.

Inventory:

Hand weapons
 v - a +2,+2 whip of electrocution (weapon)
Armour
 c - a +0 shield (worn)
 q - a +0 scale mail (worn)
Magical devices
 y - a wand of flame (7) {unknown}
 A - a wand of draining (1) {unknown}
Comestibles
 d - 3 bread rations
 s - a beef jerky
 z - a slice of pizza
Scrolls
 a - 5 scrolls of identify {unknown}
 f - a scroll of curse weapon {unknown}
 h - a scroll of curse armour {unknown}
 i - 2 scrolls of remove curse {unknown}
 j - 2 scrolls of enchant weapon I {unknown}
 l - a scroll of fear {unknown}
 m - 2 scrolls of amnesia {unknown}
 n - 3 scrolls of noise {unknown}
 o - 2 scrolls of enchant weapon II {unknown}
 p - 3 scrolls of teleportation {unknown}
 x - a scroll of blinking {unknown}
Jewellery
 b - an uncursed ring of sustenance {unknown}
Potions
 e - a potion of invisibility {unknown}
 g - 2 potions of agility {unknown}
 k - 3 potions of curing
 t - a potion of might {unknown}
 u - a potion of restore abilities {unknown}
 w - a potion of magic {unknown}
Books
 r - a Necronomicon {highlevel}

   This book is beyond your current level of understanding.

   Spells                             Type                      Level
   Haunt                              Necromancy/Summoning         7
   Borgnjor's Revivification          Necromancy                   8
   Death's Door                       Charms/Necromancy            8
   Necromutation                      Transmutation/Necromancy     8


   Skills:
 - Level 3.2 Fighting
 + Level 11.6 Maces & Flails
 - Level 3.2 Armour
 - Level 3.2 Shields


You had 7 spell levels left.
You didn't know any spells.

Dungeon Overview and Level Annotations

Branches:
Dungeon (8/16)
 Temple: D:4-7         Lair: D:8-11

Altars:
Elyvilon
Kikubaaqudgha
Nemelex Xobeh
Trog
The Shining One

Annotations:
D:8 Gastronok


Innate Abilities, Weirdness & Mutations

You are resistant to torment.
You are immune to poison.
Your stone body is very resilient (AC +5).
You resist negative energy.
You are resistant to electric shocks.
You can survive without breathing.
You are immune to petrification.


Message History

The giant frog is lightly wounded.
The giant frog completely misses you.
You hit the giant frog but do no damage.
There is a sudden explosion of sparks!
The giant frog is almost dead.
The giant frog hits you but does no damage.
You hit the giant frog.
The giant frog is almost dead.
You block the giant frog's attack.
You closely miss the giant frog.
The giant frog is almost dead.
The giant frog hits you but does no damage.
You hit the giant frog.
You kill the giant frog!
You climb upwards.
You block the wyvern's attack. The wyvern bites you!
* * * LOW HITPOINT WARNING * * *
There is a stone staircase leading down here.
You see here an arrow.
The wyvern bites you.
You die...

# .... ≈≈≈≈.
≈≈≈≈≈. ≈≈.>≈≈.
≈≈_.≈≈.
≈≈≈≈≈≈.#########
.≈≈≈≈≈≈..D........
.......B>@...(....
.......%..........
................
................
............?...
......[>......
.......[....
.......... ####


You could see a goliath beetle and a wyvern.

Vanquished Creatures
  Psyche (D:8)
  Grinder (D:3)
  The ghost of zkyp the Cudgeler, an average VSWr (D:5)
  A centaur (D:7)
  2 ogres
  2 giant frogs
  A crimson imp (D:5)
  A hound (D:4)
  An orc wizard (D:4)
  2 orc priests
  2 worker ants
  Ijyb (D:3)
  Jessica (D:3)
  A crocodile skeleton (D:4)
  8 gnolls
  2 adders
  A giant mite (D:1)
  2 worms
  An iguana zombie (D:5)
  11 orcs
  A ball python (D:3)
  18 bats
  3 giant cockroaches
  6 goblins
  12 hobgoblins
  4 jackals (D:1)
  9 kobolds
  2 quokkas
  3 giant geckos
  2 giant newts
  2 kobold skeletons
  An orc skeleton (D:4)
  A quokka skeleton (D:4)
  5 rats
112 creatures vanquished.

Vanquished Creatures (others)
  A human (D:2)
1 creature vanquished.

Grand Total: 113 creatures vanquished

Notes
Turn   | Place    | Note
--------------------------------------------------------------
     0 | D:1      | RedPan, the Gargoyle Fighter, began the quest for the Orb.
     0 | D:1      | Reached XP level 1. HP: 14/14 MP: 1/1
    64 | D:1      | Reached XP level 2. HP: 19/19 MP: 2/2
   421 | D:1      | Reached XP level 3. HP: 19/23 MP: 3/3
   633 | D:2      | Reached skill level 4 in Maces & Flails
   681 | D:2      | Found an ancient bone altar of Kikubaaqudgha.
   685 | D:2      | Noticed a human
   686 | D:2      | Killed a human
   714 | D:2      | Found a sparkling altar of Nemelex Xobeh.
  1282 | D:2      | Reached XP level 4. HP: 28/28 MP: 4/4
  1707 | D:3      | Reached skill level 5 in Maces & Flails
  1758 | D:3      | Noticed Jessica
  1759 | D:3      | Killed Jessica
  1880 | D:3      | Reached XP level 5. HP: 27/32 MP: 5/5
  2024 | D:3      | Noticed Ijyb
  2027 | D:3      | Killed Ijyb
  2360 | D:3      | Noticed Grinder
  2368 | D:3      | Killed Grinder
  2368 | D:3      | Reached skill level 7 in Maces & Flails
  2368 | D:3      | Reached XP level 6. HP: 20/37 MP: 6/6
  2595 | D:4      | Reached skill level 8 in Maces & Flails
  2595 | D:4      | Reached XP level 7. HP: 41/41 MP: 7/7
  2930 | D:4      | Found a glowing golden altar of the Shining One.
  3276 | D:4      | Found a white marble altar of Elyvilon.
  3281 | D:4      | Reached skill level 9 in Maces & Flails
  3289 | D:4      | Noticed an angel
  3674 | D:5      | Entered Level 5 of the Dungeon
  3957 | D:5      | Reached XP level 8. HP: 42/46 MP: 8/8
  3979 | D:5      | Noticed zkyp's ghost (average VSWr)
  3996 | D:5      | Killed zkyp's ghost
  3996 | D:5      | Reached skill level 10 in Maces & Flails
  4040 | D:5      | You fall through a shaft for 2 floors!
  4052 | D:8      | Noticed Gastronok
  4074 | D:8      | Noticed Psyche
  4098 | D:8      | Killed Psyche
  4098 | D:8      | Reached skill level 11 in Maces & Flails
  4114 | D:7      | Found a bloodstained altar of Trog.
  4132 | D:7      | HP: 2/46 [wyvern (12)]
  4133 | D:7      | Slain by a wyvern

Action                   |  1- 3 |  4- 6 |  7- 9 || total
-------------------------+-------+-------+-------++-------
Melee: Mace              |   152 |    23 |       ||   175
       Flail             |       |    25 |       ||    25
       Whip              |       |    21 |   181 ||   202
  Use: Potion            |       |       |     1 ||     1
